 Dungeon Crawl Stone Soup version 0.22-a0-362-g535178c5c5 (webtiles) character file.

553804 RKaid the Acrobat (level 27, -2/203 HPs)
             Began as a Halfling Arcane Marksman on Apr 19, 2018.
             Was a High Priest of Cheibriados.
             Slain by a red draconian monk (23 damage)
             ... on level 1 of the Realm of Zot on Apr 20, 2018.
             The game lasted 04:57:17 (75651 turns).

RKaid the Acrobat (Halfling Arcane Marksman)       Turns: 75651, Time: 04:57:18

Health: -2/203     AC: 27    Str: 25    XL:     27
Magic:  20/32      EV: 41    Int: 29    God:    Cheibriados [*****.]
Gold:   3127       SH: 26    Dex: 36    Spells: 6/36 levels left

rFire    + + .     SeeInvis +   a - +9 fustibalus (flame)
rCold    + + .     Gourm    .   j - +2 shield of Resistance {rF+ rC+ MR+}
rNeg     . . .     Faith    .   U - +8 fire dragon scales {rF++, rC-}
rPois    +         Spirit   .   W - +2 hat
rElec    +         Reflect  +   p - +0 cloak "Qommerph" {rElec rPois rF- rC++}
rCorr    .         Harm     .   F - +0 pair of gloves
MR       +++++                  e - +0 pair of boots
Stlth    +.........             k - +4 amulet of reflection
HPRegen  0.43/turn              I - +4 ring of protection
MPRegen  0.23/turn              z - ring of Panentheism {MR++ EV+3 Int-2 Slay+2 SInv}

@: about to teleport, very slow
A: small, blurry vision 1, mutation resistance 1
}: 3/15 runes: decaying, serpentine, silver
a: Bend Time, Temporal Distortion, Slouch, Step From Time, Renounce Religion


You were on level 1 of the Realm of Zot.
You worshipped Cheibriados.
Cheibriados was extremely pleased with you.
You were not hungry.

You visited 10 branches of the dungeon, and saw 46 of its levels.
You also visited: Sewer and Ice Cave.

You collected 6374 gold pieces.
You spent 3247 gold pieces at shops.

Inventory:

Hand Weapons
 a - a +9 fustibalus of flaming (weapon)
   (You took it off a cherub on level 15 of the Dungeon)
Missiles
 q - 97 sling bullets
 s - 207 stones (quivered)
 x - a throwing net {=f}
Armour
 e - a +0 pair of boots (worn)
   (You bought it in a shop on level 2 of the Orcish Mines)
 j - the +2 shield of Resistance (worn) {rF+ rC+ MR+}
   (You found it on level 13 of the Dungeon)

   It protects you from fire.
   It protects you from cold.
   It affects your resistance to hostile enchantments.
 p - the +0 cloak "Qommerph" (worn) {rElec rPois rF- rC++}
   (You acquired it on level 2 of the Orcish Mines)

   It makes you vulnerable to fire.
   It greatly protects you from cold.
   It insulates you from electricity.
   It protects you from poison.
 F - a +0 pair of gloves (worn)
   (You found it on level 3 of the Dungeon)
 U - +8 fire dragon scales (worn) {rF++, rC-}
   (You found it on level 13 of the Dungeon)
 W - a +2 hat (worn)
   (You found it on level 3 of the Lair of Beasts)
Jewellery
 d - an uncursed ring of resist corrosion
   (You took it off a deep elf blademaster on level 3 of the Elven Halls)
 k - a +4 amulet of reflection (around neck)
   (You bought it in a shop on level 4 of the Snake Pit)
 z - the ring of Panentheism (right hand) {MR++ EV+3 Int-2 Slay+2 SInv}
   (You bought it in a shop on level 15 of the Dungeon)

   [ring of evasion]

   It affects your evasion (+3).
   It affects your intelligence (-2).
   It affects your accuracy and damage with ranged weapons and melee attacks
   (+2).
   It affects your resistance to hostile enchantments.
   It lets you see invisible.
 I - a +4 ring of protection (left hand)
   (You took it off an orc warrior on level 7 of the Dungeon)
 J - an uncursed ring of protection from fire {rF+}
   (You took it off a boggart on level 14 of the Dungeon)
Wands
 A - a wand of acid (45)
   (You took it off a crimson imp on level 7 of the Dungeon)
 D - a wand of digging (32)
   (You found it on level 3 of the Elven Halls)
 K - a wand of paralysis (23)
   (You found it on level 9 of the Dungeon)
 V - a wand of iceblast (58)
   (You took it off a boggart on level 14 of the Dungeon)
Scrolls
 b - a scroll of enchant armour
 i - 13 scrolls of identify
 l - 4 scrolls of blinking {!r}
 o - 16 scrolls of remove curse
 t - 14 scrolls of teleportation
 y - 2 scrolls of summoning
 N - 2 scrolls of immolation {!r}
 O - 3 scrolls of silence
 P - 5 scrolls of fear
 Q - a scroll of vulnerability {!r!r}
 X - 5 scrolls of fog
 Z - 9 scrolls of magic mapping {!r}
Potions
 c - 13 potions of curing
 g - 11 potions of ambrosia
 h - 3 potions of heal wounds
 m - 11 potions of brilliance
 n - 13 potions of flight
 B - 3 potions of agility
 C - 4 potions of haste
 E - 8 potions of magic
 G - 3 potions of cancellation
 L - 3 potions of might
 M - 5 potions of invisibility
 R - 5 potions of resistance
Miscellaneous
 r - a phial of floods
   (You found it on level 6 of the Lair of Beasts)
 v - a phantom mirror
 w - a lamp of fire
   (You found it on level 4 of the Snake Pit)
 H - a fan of gales
   (You found it on level 2 of the Snake Pit)
 T - a lightning rod (4/4)
   (You found it on level 13 of the Dungeon)
 Y - 2 boxes of beasts
Comestibles
 f - 92 rations


   Skills:
 + Level 20.7 Fighting
 - Level 15.1 Slings
 - Level 5.5 Armour
 - Level 23.2 Dodging
 - Level 21.0 Shields
 - Level 5.0 Spellcasting
 - Level 10.0 Hexes
 * Level 11.1 Summonings
 - Level 5.0 Translocations
 - Level 3.0 Air Magic
 - Level 13.0 Invocations
 - Level 6.0 Evocations


You had 6 spell levels left.
You knew the following spells:

 Your Spells              Type           Power        Failure   Level  Hunger
a - Inner Flame           Hex/Fire       #####...     6%          3    #......
b - Portal Projectile     Hex/Tloc       ######       2%          3    #......
c - Cause Fear            Hex            ######....   2%          4    ###....
d - Summon Mana Viper     Hex/Summ       ######..     6%          5    #####..
e - Confuse               Hex            ######..     1%          3    #......
f - Summon Lightning Spi  Summ/Air       #####...     9%          4    ###....
g - Shadow Creatures      Summ           N/A          26%         6    ######.
A - Apportation           Tloc           #####.       1%          1    None
B - Summon Butterflies    Summ           ######..     1%          1    None


Dungeon Overview and Level Annotations

Branches:
Dungeon (15/15)            Temple (1/1) D:4            Lair (6/6) D:8
  Swamp (4/4) Lair:4        Snake (4/4) Lair:3        Slime (0/5) Lair:5
    Orc (2/2) D:9             Elf (3/3) Orc:2        Vaults (5/5) D:13
  Crypt (0/3) Vaults:2     Depths (5/5) D:15            Zot (1/5) Depths:5

Altars:
Ashenzari
Cheibriados
Dithmenos
Elyvilon
Fedhas
Gozag
Hepliaklqana
Kikubaaqudgha
Makhleb
Nemelex Xobeh
Okawaru
Qazlal
Ru
Sif Muna
Trog
Uskayaw
Vehumet
Wu Jian
Xom
Yredelemnul
Zin
The Shining One
Jiyva

Shops:
D:4 ?   D:14 *   D:15 =   Orc:2 *?=(   Snake:4 =   Vaults:2 (   Vaults:3 [
Depths:2 (=}=   Depths:4 (}?

Portals:
Hell: Depths:1 Depths:2 Depths:3 Depths:4 Depths:5
Abyss: Depths:4 Depths:5*
Pandemonium: Depths:1 Depths:2 Depths:3 Depths:4 Depths:5
Ziggurat: Depths:5
Trove: Depths:4 (give 17 scrolls of teleportation)

Annotations:
D:3 Sigmund
Lair:3 1 runed door
Elf:2 3 runed doors
Depths:2 1 exclusion
Depths:5 exclusion: eye of devastation


Innate Abilities, Weirdness & Mutations

You are small and have problems with some larger weapons.
You are somewhat resistant to further mutation.
Scrolls take you a little longer to read.


Message History

The red draconian monk completely misses you.
The red draconian monk tail-slaps you!
* * * LOW HITPOINT WARNING * * *
The green draconian completely misses you.
You block the green draconian's attack. You block the white draconian's attack.
The purple draconian misses you.
The red draconian annihilator casts a spell.
The red draconian annihilator blinks!
You block the green draconian annihilator's attack.
The green draconian annihilator completely misses you.
The white draconian moves out of view.
A death cob comes into view.
You step out of the flow of time.
You hear a roar! x6; You hear a deafening roar! x7; You hear a roar! x4
You return to the normal time flow.
You feel somewhat more hungry.
Cheibriados lowers the support of your attributes as your movement quickens.
A moth of wrath comes into view.
The storm dragon roars deafeningly!
The moth of wrath's fur bristles in rage as it notices you.
The green draconian roars!
The white draconian roars!
You hear a roar!
You block the white draconian's attack.
The moth of wrath goads the white draconian on!
The white draconian goes berserk!
You feel sick.
The red draconian monk breathes flames at you.
The searing blast misses you.
The moth of wrath goads the green draconian on!
The green draconian goes berserk!
The green draconian completely misses you.
You block the green draconian's attack. You block the white draconian's attack.
The moth of wrath completely misses you.
You block the green draconian's attack. x2
The white draconian completely misses you.
A black draconian comes into view. It is wielding a dire flail.
Really read with blurry vision while enemies are nearby?
You are engulfed in blazing flames.
You resist. You block the moth of wrath's attack.
You begin reading the scroll.
You continue reading the scroll.
You are engulfed in blazing flames.
You resist. You block the green draconian's attack.
The green draconian completely misses you.
You block the white draconian's attack.
The moth of wrath completely misses you.
The green draconian hits you with an enchanted mace!!
* * * LOW HITPOINT WARNING * * *
The green draconian completely misses you.
As you read the scroll of teleportation, it crumbles to dust.
You feel strangely unstable.
You feel the Orb delaying your translocation!
You feel better.
You are engulfed in blazing flames.
You resist.
* * * LOW HITPOINT WARNING * * *
The white draconian completely misses you.
You block the moth of wrath's attack. The green draconian barely misses you.
You block the green draconian's attack. The white draconian misses you.
You feel better.
You are engulfed in blazing flames.
You resist.
* * * LOW HITPOINT WARNING * * *
The moth of wrath goads the red draconian monk on!
The red draconian monk goes berserk!
You block the green draconian's attack. x2
The white draconian barely misses you.
You block the red draconian monk's attack.
The red draconian monk completely misses you.
You block the red draconian monk's attack.
The green draconian completely misses you. x2
You block the moth of wrath's attack.
You block the red draconian monk's attack.
The red draconian monk misses you.
The red draconian monk completely misses you.
You block the moth of wrath's attack. The green draconian misses you.
The green draconian completely misses you.
Your magical contamination has completely faded away.
You feel better.
You block the red draconian monk's attack. x2
The red draconian monk tail-slaps you but does no damage.
The red draconian monk hits you!
* * * LOW HITPOINT WARNING * * *
You block the red draconian monk's attack.
The red draconian monk completely misses you.
The green draconian hits you with an enchanted mace.
* * * LOW HITPOINT WARNING * * *
The green draconian completely misses you.
The moth of wrath bites you but does no damage.
Unknown command.
Okay, then.
Okay, then.
Search for what [? for help]? heal w Unknown command.
Unknown command.
Really read
l - 4 scrolls of blinking {!r}?
Your blink will be uncontrolled - continue anyway?
Really read with blurry vision while enemies are nearby?
You block the red draconian monk's attack.
The red draconian monk kicks you!!
* * * LOW HITPOINT WARNING * * *
You block the red draconian monk's attack.
You begin reading the scroll.
You continue reading the scroll.
You block the green draconian's attack.
The green draconian completely misses you.
You block the moth of wrath's attack. You block the black draconian's attack.
The red draconian monk hits you!!
You die...

.. .. ####### #.
###.....####.## ..
##.........##.#. ...
##...........##..
..##
#.............#..
##..
##d....###.....##.
#....#@qD..##
##.....#.
#....#yd..##
##....)† #Xdd..#
#....'.
..!...#..D.##
##....'.
....###.(...##
##.....#. ...
##..(..###.....##.
#. #..(..........#..
# ##...........##..
#...##.........##...


You could see a shadow dragon, a tentacled monstrosity, a red draconian monk
(berserk), a storm dragon, 2 draconians, a green draconian (berserk), a white
draconian (berserk) and a moth of wrath.

Vanquished Creatures
  Mara (Vaults:5)
  3 juggernauts
  Bai Suzhen (D:15)
  Vashnia (Snake:2)
  Saint Roka (Vaults:4)
  Margery (Vaults:3)
  Nikola (Vaults:3)
  4 golden dragons
  A bone dragon (Depths:5)
  Jorgrun (Elf:3)
  A lich (Depths:2)
  7 tentacled monstrosities
  4 titans
  A quicksilver dragon (Vaults:4)
  2 deep elf blademasters (Elf:3)
  7 sphinxes
  4 thorn hunters
  A draconian monk (Depths:4)
  6 shadow dragons
  11 tengu reavers
  3 death cobs (Zot:1)
  5 storm dragons
  8 nagarajas (Snake:4)
  5 frost giants
  8 fire giants
  3 iron dragons
  3 deep elf sorcerers (Elf:3)
  13 vault wardens
  A ghost moth (shapeshifter) (Vaults:4)
  An orc warlord (Orc:2)
  A balrug (Depths:1)
  Aizul (Snake:3)
  A draconian shifter (Depths:5)
  2 deep elf elementalists (Vaults:4)
  A spriggan defender (Depths:4)
  13 ironheart preservers
  2 war gargoyles
  A draconian annihilator (Zot:1)
  23 very ugly things
  Nessos (Lair:5)
  3 entropy weavers
  2 green draconians
  19 stone giants
  6 vampire knights
  9 deep elf demonologists (Elf:3)
  4 black draconians
  2 white draconians (Depths:5)
  9 deep elf annihilators
  4 spark wasps
  A red draconian (Zot:1)
  4 deep elf death magi
  Snorg (Lair:5)
  A purple draconian (Zot:1)
  14 ettins
  15 fire dragons
  A merfolk impaler (Depths:1)
  7 yaktaur captains
  Fannar (Lair:1)
  3 deep elf high priests
  8 great orbs of eyes
  Erolcha (D:9)
  10 rakshasas
  3 spriggan air magi (Depths:5)
  A ghost crab (Swamp:4)
  22 naga warriors
  9 ice dragons
  A catoblepas (Lair:6)
  Erica (Orc:1)
  18 hydras
  32 vault guards
  7 centaur warriors
  19 alligators
  18 anacondas
  49 two-headed ogres
  6 death knights
  15 ogre magi
  2 tengu warriors
  7 deep troll earth magi
  A vampire mage (D:15)
  4 deep troll shamans
  8 dancing weapons
  5 orc high priests
  6 spriggan berserkers
  8 hell knights
  2 sun demons (Depths:1)
  6 shock serpents
  15 naga sharpshooters
  The ghost of loom the Cleaver, a novice HOBe of Trog (D:9)
  10 deep elf knights
  2 iron trolls
  4 salamander mystics
  3 skeletal warriors
  A fire crab (shapeshifter) (Vaults:3)
  A shadow wraith (Vaults:2)
  8 sea snakes (Snake:4)
  2 unseen horrors
  26 deep trolls
  2 cherubim (D:15)
  8 deep elf archers
  2 spriggan druids
  5 glowing orange brains
  A storm dragon skeleton (D:15)
  4 shambling mangroves
  20 swamp dragons
  The ghost of psch the Basher, a novice OgBe of Trog (D:5)
  6 naga ritualists
  A gelid demonspawn (Depths:3)
  8 flayed ghosts
  5 wizards
  12 phantasmal warriors
  A lindwurm (Lair:4)
  6 orc knights
  Pikel (D:8)
  9 necromancers
  14 ironbrand convokers
  A mana viper (shapeshifter) (Depths:3)
  4 wolf spiders
  5 harpies (Vaults:3)
  10 mana vipers
  A shining eye (shapeshifter) (Vaults:4)
  2 orc sorcerers
  30 ugly things
  A cyclops (shapeshifter) (Vaults:4)
  2 frost giant zombies (D:15)
  2 manticores (D:11)
  4 moths of wrath (Zot:1)
  3 cyclopes
  A rust devil (Depths:3)
  47 deep elf magi
  12 salamanders
  The ghost of runewalsh the Magician, a novice OpWz of Elyvilon (D:6)
  Maurice (D:8)
  4 elephants (Lair:5)
  2 molten gargoyles (Lair:6)
  11 guardian serpents
  41 black mambas
  An ice statue (IceCv)
  20 vault sentinels
  25 naga magi
  A torpor snail (Lair:3)
  12 spiny frogs
  2 rime drakes (Orc:2)
  11 komodo dragons
  A hellion (Depths:3)
  A kobold demonologist (D:15)
  An ice devil (Depths:3)
  A guardian mummy (Depths:2)
  18 freezing wraiths
  36 yaktaurs
  3 tengu conjurers
  A troll (shapeshifter) (Vaults:2)
  A meliai (shapeshifter) (Vaults:1)
  10 tyrant leeches
  5 trolls
  20 hornets
  A tengu simulacrum (Vaults:1)
  A wolf spider simulacrum (IceCv)
  18 blink frogs
  A jumping spider (Vaults:3)
  47 slime creatures
  9 bog bodies
  A harpy skeleton (D:15)
  3 polar bears
  13 hippogriffs
  10 dream sheep
  3 tarantellas
  4 redbacks
  6 spriggans
  3 shadows
  6 wraiths
  4 air elementals
  7 yaks
  A ynoxinul (Depths:3)
  A tarantella (shapeshifter) (Elf:3)
  5 wyverns
  A fire dragon skeleton (D:15)
  9 large abominations
  A wyvern (shapeshifter) (Vaults:5)
  5 water elementals
  2 yaks (shapeshifter)
  4 basilisks
  5 fire bats (Elf:1)
  2 steam dragons (Lair:6)
  18 vampire mosquitoes
  2 hungry ghosts
  7 fire elementals
  2 golden eyes (shapeshifter) (Vaults:3)
  57 nagas
  6 swamp worms
  11 insubstantial wisps
  6 wargs
  The ghost of runewalsh the Conjurer, an amateur OpWn (D:4)
  11 water moccasins
  8 hydra simulacra (Depths:4)
  8 porcupines
  A hell hound (Lair:6)
  An acid dragon (D:15)
  7 swamp drakes
  An alligator simulacrum (Swamp:4)
  9 ice beasts
  2 black bears (shapeshifter)
  22 ogres
  2 black bears
  31 orc warriors
  6 sky beasts
  8 small abominations
  2 swamp dragon zombies (Swamp:4)
  7 phantoms
  26 boggarts
  6 wolves
  24 centaurs
  12 crocodiles
  A komodo dragon zombie (Swamp:4)
  A big kobold (D:9)
  27 bullfrogs
  A wyvern zombie (D:14)
  3 earth elementals
  A wyvern skeleton (D:12)
  2 scorpions
  7 killer bees
  An orc simulacrum (Vaults:1)
  A swamp dragon simulacrum (IceCv)
  6 wights
  11 electric eels
  A howler monkey (shapeshifter) (Depths:5)
  3 howler monkeys
  9 crimson imps
  A bullfrog zombie (D:12)
  5 lava snakes (Lair:6)
  6 draconian simulacra (IceCv)
  6 centaur zombies
  3 hounds
  4 quasits
  A bullfrog skeleton (D:8)
  2 iron imps (Depths:3)
  6 jellies
  33 orc priests
  6 centaur skeletons
  3 iguanas
  31 orc wizards
  Natasha (thrice) (D:4)
  12 worker ants
  5 troll simulacra (IceCv)
  2 polar bear simulacra (IceCv)
  A spriggan simulacrum (IceCv)
  2 killer bee zombies
  A crocodile zombie (Swamp:4)
  A centaur simulacrum (IceCv)
  Robin (D:3)
  A gnoll (D:7)
  16 adders
  5 naga simulacra (IceCv)
  2 ogre simulacra (IceCv)
  2 shadow imps
  13 white imps
  2 ufetubi (Depths:3)
  10 oozes
  An adder skeleton (D:7)
  2 worms
  2 dart slugs
  8 leopard geckos
  85 orcs
  A ball python (D:6)
  A bat (D:3)
  2 giant cockroaches
  5 hobgoblins
  12 jackals
  19 kobolds
  4 quokkas
  4 frilled lizards
  19 goblins
  A jackal zombie (D:5)
  A leopard gecko skeleton (D:6)
  A leopard gecko zombie (D:8)
  A quokka skeleton (D:8)
  17 rats
  5 crawling corpses (Vaults:4)
  A plant (Lair:3)
1994 creatures vanquished.

Vanquished Creatures (collateral kills)
  A red draconian (Zot:1)
  A black mamba (Lair:1)
  A spiny frog (Lair:1)
3 creatures vanquished.

Vanquished Creatures (others)
  2 deep elf master archers (Elf:3)
  A vault warden (Vaults:5)
  3 stone giants
  A merfolk javelineer (Depths:1)
  4 yaktaur captains
  An ogre mage (Depths:1)
  A two-headed ogre (Vaults:5)
  An alligator (Swamp:2)
  2 centaur warriors
  A hell knight (Vaults:3)
  A wizard (Vaults:3)
  5 deep elf archers
  A necromancer (Elf:1)
  A deep elf mage (Elf:2)
  A cyclops (Vaults:1)
  14 yaktaurs
  A hell hound (Lair:6)
  3 slaves (D:9)
  2 orc warriors (Vaults:4)
  A human (D:3)
  4 ogres
  A centaur (Depths:1)
  An orc wizard (Orc:2)
  2 orcs
  2 jackals (D:9)
  A quokka (D:7)
  14 fungi
  11 plants
  7 toadstools (Lair:3)
  2 withered plants (D:15)
92 creatures vanquished.

Grand Total: 2089 creatures vanquished

Notes
Turn   | Place    | Note
-------+----------+-------------------------------------------
     0 | D:1      | RKaid the Halfling Arcane Marksman began the quest for the Orb.
     0 | D:1      | Reached XP level 1. HP: 12/12 MP: 2/2
    28 | D:1      | Reached skill level 1 in Fighting
    84 | D:1      | Reached XP level 2. HP: 18/18 MP: 3/3
   402 | D:1      | Reached skill level 4 in Slings
   760 | D:1      | Reached XP level 3. HP: 23/23 MP: 4/4
  1310 | D:2      | Reached skill level 5 in Slings
  1409 | D:2      | Reached XP level 4. HP: 29/29 MP: 5/5
  1416 | D:2      | Reached skill level 2 in Fighting
  2860 | D:3      | Reached XP level 5. HP: 34/34 MP: 6/6
  2930 | D:3      | Reached skill level 6 in Slings
  3109 | D:3      | Reached skill level 7 in Slings
  3109 | D:3      | Reached XP level 6. HP: 25/41 MP: 7/7
  3288 | D:3      | Noticed Sigmund
  3576 | D:3      | Noticed Robin
  3758 | D:3      | Killed Robin
  3983 | D:3      | Found an ancient bone altar of Kikubaaqudgha.
  3983 | D:3      | Noticed a human
  3986 | D:3      | Killed a human
  4031 | D:4      | Noticed runewalsh's ghost (amateur OpWn)
  4048 | D:4      | Found a radiant altar of Vehumet.
  4050 | D:4      | Found a glowing silver altar of Zin.
  4163 | D:4      | Found Goecem's Magic Scroll Shoppe.
  4209 | D:4      | Reached skill level 3 in Fighting
  4249 | D:4      | Noticed Natasha
  4310 | D:4      | Found a staircase to the Ecumenical Temple.
  4328 | Temple   | Entered the Ecumenical Temple
  4393 | Temple   | Became a worshipper of Cheibriados the Contemplative
  4547 | D:4      | Killed runewalsh's ghost
  4547 | D:4      | Reached skill level 1 in Invocations
  4899 | D:4      | Killed Natasha
  4899 | D:4      | Reached skill level 8 in Slings
  4899 | D:4      | Reached XP level 7. HP: 46/46 MP: 8/8
  4931 | D:5      | Entered Level 5 of the Dungeon
  5114 | D:5      | Noticed psch's ghost (novice OgBe)
  5581 | D:5      | Reached skill level 3 in Dodging
  5639 | D:5      | Found an ornate altar of the Wu Jian Council.
  5642 | D:5      | Found a shadowy altar of Dithmenos.
  5665 | D:5      | Reached skill level 2 in Invocations
  6073 | D:5      | Reached skill level 9 in Slings
  6119 | D:5      | Reached XP level 8. HP: 53/54 MP: 9/9
  6155 | D:5      | Learned a level 3 spell: Inner Flame
  6159 | D:5      | Learned a level 3 spell: Portal Projectile
  6333 | D:5      | Reached * piety under Cheibriados
  6674 | D:6      | Found a shattered altar of Ashenzari.
  6702 | D:6      | Reached skill level 4 in Fighting
  6709 | D:6      | Found a glowing drain.
  6757 | Sewer    | Entered a sewer
  6830 | Sewer    | Reached skill level 3 in Invocations
  7038 | D:6      | Reached skill level 10 in Slings
  7038 | D:6      | Reached skill level 4 in Dodging
  7318 | D:6      | Noticed runewalsh's ghost (novice OpWz)
  7609 | D:6      | HP: 12/54 [orc warrior/halberd (15)]
  7611 | D:6      | HP: 3/54 [orc warrior/halberd (9)]
  7952 | D:6      | Killed runewalsh's ghost
  7952 | D:6      | Reached skill level 11 in Slings
  7952 | D:6      | Reached skill level 4 in Invocations
  7952 | D:6      | Reached XP level 9. HP: 25/60 MP: 10/12
  7974 | D:6      | HP: 14/60 [centaur/arrow (8)]
  7994 | D:6      | HP: 10/60 [leopard gecko (4)]
  8006 | D:6      | Reached skill level 5 in Dodging
  8210 | D:6      | Reached skill level 5 in Fighting
  8631 | D:6      | HP: 14/61 [orc warrior/halberd (8)]
  9556 | D:6      | Learned a level 4 spell: Cause Fear
  9563 | D:7      | Reached ** piety under Cheibriados
  9568 | D:7      | Reached skill level 12 in Slings
  9568 | D:7      | Reached skill level 5 in Invocations
  9851 | D:7      | Reached skill level 3 in Hexes
  9976 | D:7      | Reached skill level 6 in Dodging
  9983 | D:7      | Reached XP level 10. HP: 67/67 MP: 14/14
 10023 | D:7      | Found a sparkling altar of Nemelex Xobeh.
 10319 | D:7      | Reached *** piety under Cheibriados
 10336 | D:7      | Found an iron altar of Okawaru.
 10491 | D:8      | Found a staircase to the Lair.
 10666 | D:8      | Reached skill level 4 in Hexes
 10835 | D:8      | Noticed a two-headed ogre
 10846 | D:8      | Killed a two-headed ogre
 10846 | D:8      | Reached skill level 6 in Fighting
 10846 | D:8      | Reached skill level 6 in Invocations
 10905 | D:8      | Noticed Maurice
 10953 | D:8      | Noticed a two-headed ogre
 10970 | D:8      | Killed a two-headed ogre
 10970 | D:8      | Reached skill level 7 in Dodging
 10970 | D:8      | Reached skill level 5 in Hexes
 11459 | D:8      | Reached XP level 11. HP: 74/74 MP: 16/16
 11487 | D:8      | Reached skill level 7 in Invocations
 11543 | D:8      | Reached **** piety under Cheibriados
 11982 | D:8      | Killed Maurice
 11982 | D:8      | Reached skill level 6 in Hexes
 12188 | D:9      | Noticed Pikel
 12188 | D:9      | Noticed loom's ghost (novice HOBe)
 12199 | D:8      | Killed Pikel
 12199 | D:8      | Reached skill level 7 in Fighting
 12361 | D:9      | Noticed Erolcha
 12516 | D:9      | Found a deep blue altar of Sif Muna.
 12568 | D:9      | Reached skill level 8 in Dodging
 12670 | D:10     | Entered Level 10 of the Dungeon
 12752 | D:9      | Killed loom's ghost
 12752 | D:9      | Reached skill level 1 in Translocations
 13042 | D:9      | Found a staircase to the Orcish Mines.
 13187 | D:10     | Killed an unseen horror
 13187 | D:10     | Reached skill level 2 in Translocations
 13338 | D:10     | Reached skill level 3 in Translocations
 13338 | D:10     | Reached ***** piety under Cheibriados
 13342 | D:10     | Noticed a two-headed ogre
 13505 | Lair:1   | Entered Level 1 of the Lair of Beasts
 13687 | Lair:1   | Reached skill level 9 in Dodging
 13690 | Lair:1   | Got a shimmering ring mail
 13726 | Lair:1   | Reached skill level 8 in Fighting
 13726 | Lair:1   | Reached skill level 4 in Translocations
 13795 | Lair:1   | Noticed Fannar
 13820 | Lair:1   | Reached XP level 12. HP: 82/82 MP: 17/17
 14046 | Lair:1   | Identified the +4 ring mail of Beauty {rC+ Str+5} (You found it on level 1 of the Lair of Beasts)
 14183 | Lair:1   | Reached skill level 5 in Translocations
 14261 | Lair:1   | Killed Fannar
 14261 | Lair:1   | Reached skill level 2 in Evocations
 14519 | Lair:1   | Reached skill level 3 in Evocations
 14524 | Lair:1   | Reached skill level 10 in Dodging
 14868 | Lair:2   | Reached skill level 4 in Evocations
 14996 | Lair:2   | Reached skill level 9 in Fighting
 15448 | Lair:3   | Reached skill level 5 in Evocations
 15460 | Lair:3   | Reached ****** piety under Cheibriados
 15568 | Lair:3   | Noticed an eight-headed hydra
 15645 | Lair:3   | Noticed Urug
 15649 | Lair:3   | Noticed Urug
 15649 | Lair:3   | Urug changed into Urug the glowing orange brain
 15905 | Lair:3   | Reached skill level 6 in Evocations
 15924 | Lair:3   | Found a staircase to the Snake Pit.
 15984 | Lair:3   | Reached XP level 13. HP: 90/90 MP: 18/18
 16125 | Lair:3   | Reached skill level 11 in Dodging
 16240 | Lair:3   | Reached skill level 1 in Shields
 16518 | Lair:3   | Noticed a five-headed hydra
 16566 | Lair:3   | Killed Urug the glowing orange brain
 16566 | Lair:3   | Reached skill level 2 in Shields
 16618 | Lair:3   | Found a runed door.
 16801 | Lair:3   | Killed a five-headed hydra
 16801 | Lair:3   | Reached skill level 3 in Shields
 16882 | Lair:3   | Killed an eight-headed hydra
 17037 | Lair:3   | Reached skill level 10 in Fighting
 17085 | Lair:3   | Reached skill level 4 in Shields
 17354 | Lair:4   | Noticed a seven-headed hydra
 17376 | Lair:4   | Killed a seven-headed hydra
 17382 | Lair:4   | Reached skill level 5 in Shields
 17851 | Lair:4   | Found a staircase to the Swamp.
 18475 | Lair:5   | Reached skill level 12 in Dodging
 18554 | Lair:5   | Noticed Nessos
 18581 | Lair:5   | Killed Nessos
 18581 | Lair:5   | Reached skill level 2 in Spellcasting
 18607 | Lair:5   | Noticed a six-headed hydra
 18619 | Lair:5   | Killed a six-headed hydra
 18683 | Lair:5   | Noticed Snorg
 18695 | Lair:5   | Killed Snorg
 18731 | Lair:5   | Reached XP level 14. HP: 95/99 MP: 19/19
 18759 | Lair:5   | Reached skill level 3 in Spellcasting
 18898 | Lair:5   | Found a staircase to the Slime Pits.
 18898 | Lair:5   | Found a viscous altar of Jiyva.
 18922 | Lair:5   | Got a bloodstained long sword
 19282 | Lair:6   | Entered Level 6 of the Lair of Beasts
 19306 | Lair:6   | Identified the +6 long sword "Qaaqu" {drain, +Fly Int+2} (You found it on level 5 of the Lair of Beasts)
 19527 | Lair:6   | Reached skill level 11 in Fighting
 20630 | Lair:6   | Reached skill level 4 in Spellcasting
 20711 | Lair:6   | Found a large runed door.
 20716 | Lair:6   | Found a large runed door.
 20775 | Lair:6   | Reached skill level 13 in Dodging
 21006 | Lair:6   | HP: 7/101 [fire crab] (38)]
 22502 | D:10     | Identified a scroll of acquirement
 23405 | D:11     | Reached skill level 5 in Spellcasting
 23994 | D:12     | Got an emerald-encrusted scale mail
 24300 | D:12     | Identified the +2 scale mail of the Country {rPois Dex+3} (You found it on level 12 of the Dungeon)
 24525 | D:13     | Reached skill level 12 in Fighting
 25012 | D:13     | Reached XP level 15. HP: 107/108 MP: 22/22
 25055 | D:13     | Reached skill level 14 in Dodging
 25298 | D:13     | Found a gate to the Vaults.
 25815 | D:13     | Found the +2 shield of Resistance {rF+ rC+ MR+}
 26865 | D:14     | Reached skill level 6 in Shields
 27415 | D:14     | Found Hiokop's Assorted Antiques.
 27628 | D:14     | Reached skill level 7 in Shields
 27917 | D:14     | Reached skill level 8 in Shields
 27917 | D:14     | Reached skill level 7 in Hexes
 27917 | D:14     | Reached skill level 2 in Summonings
 27917 | D:14     | Reached XP level 16. HP: 116/116 MP: 23/23
 27920 | D:14     | Learned a level 1 spell: Summon Butterflies
 27926 | D:14     | Learned a level 5 spell: Summon Mana Viper
 27978 | D:15     | Entered Level 15 of the Dungeon
 27998 | D:15     | Found a staircase to the Depths.
 28223 | D:15     | Found Misas's Jewellery Shop.
 28560 | D:15     | Reached skill level 13 in Fighting
 28622 | D:15     | Found a hide-covered altar of Uskayaw.
 28857 | D:15     | Reached skill level 9 in Shields
 29357 | D:5      | Killed psch's ghost
 29357 | D:5      | Reached skill level 15 in Dodging
 29421 | D:4      | Bought a scroll of brand weapon for 280 gold pieces
 29438 | D:4      | Noticed Natasha
 29448 | D:4      | Killed Natasha
 29468 | D:4      | Noticed Natasha
 29493 | D:4      | Killed Natasha
 29621 | D:9      | Killed Erolcha
 29660 | Orc:1    | Entered Level 1 of the Orcish Mines
 29782 | Orc:2    | Entered Level 2 of the Orcish Mines
 29831 | Orc:2    | Reached skill level 8 in Invocations
 29839 | Orc:2    | Found a frozen archway.
 29853 | IceCv    | Entered an ice cave
 30197 | IceCv    | Found an ancient bone altar of Kikubaaqudgha.
 30233 | IceCv    | Reached XP level 17. HP: 117/123 MP: 24/24
 30865 | Orc:1    | Noticed Erica
 30878 | Orc:2    | Reached skill level 10 in Shields
 30978 | Orc:2    | Found a staircase to the Elven Halls.
 31643 | Orc:2    | Reached skill level 3 in Summonings
 31949 | Orc:2    | Found Bushroj Oxod's Weapon Boutique.
 31949 | Orc:2    | Found Wyovoor's Magic Scroll Shop.
 31957 | Orc:2    | Found Eqeudeuwk's Jewellery Boutique.
 31966 | Orc:2    | Found Gaepacs's General Store.
 31987 | Orc:2    | Bought a +0 pair of boots for 63 gold pieces
 32420 | D:15     | Bought the ring of Panentheism {MR++ EV+3 Int-2 Slay+2 SInv} for 627 gold pieces
 32635 | Orc:2    | Bought a scroll of blinking for 112 gold pieces
 33575 | Swamp:1  | Entered Level 1 of the Swamp
 33619 | Swamp:1  | Reached skill level 4 in Summonings
 34033 | Swamp:1  | Noticed a thorn hunter
 34053 | Swamp:1  | Killed a thorn hunter
 34302 | Swamp:1  | Reached skill level 11 in Shields
 34541 | Swamp:1  | Got an ichor-stained flail
 34922 | Swamp:2  | Got a jewelled hand axe
 35291 | Swamp:2  | Reached skill level 5 in Summonings
 36186 | Swamp:3  | Noticed a thorn hunter
 36216 | Swamp:3  | Killed a thorn hunter
 36503 | Swamp:3  | Reached skill level 6 in Summonings
 36570 | Swamp:3  | Reached skill level 12 in Shields
 37327 | Swamp:3  | Noticed a tentacled monstrosity
 37353 | Swamp:3  | Killed a tentacled monstrosity
 37358 | Swamp:3  | Reached XP level 18. HP: 108/130 MP: 25/25
 37535 | Swamp:4  | Entered Level 4 of the Swamp
 37789 | Swamp:4  | Reached skill level 9 in Invocations
 37807 | Swamp:4  | Reached skill level 14 in Fighting
 38053 | Swamp:4  | Reached skill level 7 in Summonings
 39113 | Swamp:4  | Reached skill level 10 in Invocations
 39352 | Swamp:4  | Reached skill level 13 in Shields
 39694 | Swamp:4  | Got a decaying rune of Zot
 39914 | Snake:1  | Entered Level 1 of the Snake Pit
 40524 | Snake:1  | Reached skill level 8 in Summonings
 41883 | Snake:2  | Noticed Vashnia
 41889 | Snake:2  | Reached XP level 19. HP: 132/138 MP: 14/26
 42700 | Snake:3  | Reached skill level 15 in Fighting
 42702 | Snake:3  | Reached skill level 14 in Shields
 42721 | Snake:3  | HP: 34/139 [poisoned by a naga mage (bolt of poison)]
 42728 | Snake:3  | HP: 34/139 [poisoned by a naga mage (bolt of poison)]
 42734 | Snake:3  | HP: 34/139 [poisoned by a naga mage (bolt of poison)]
 42902 | Snake:2  | Reached skill level 9 in Summonings
 42920 | Snake:2  | HP: 27/139 [Vashnia/bolt (20)]
 42930 | Snake:2  | HP: 16/139 [Vashnia/bolt (24)]
 42942 | Snake:2  | HP: 25/139 [Vashnia/bolt (20)]
 42944 | Snake:2  | Killed Vashnia
 44820 | Snake:4  | Entered Level 4 of the Snake Pit
 44825 | Snake:4  | Noticed Aizul
 45347 | Snake:4  | Reached skill level 8 in Hexes
 45515 | Snake:4  | Reached skill level 15 in Shields
 45565 | Snake:3  | Reached XP level 20. HP: 66/147 MP: 16/27
 45569 | Snake:3  | Killed Aizul
 45876 | Snake:4  | Reached skill level 13 in Slings
 46615 | Snake:4  | Reached skill level 14 in Slings
 46765 | Snake:4  | Found Qyefojye's Jewellery Emporium.
 46965 | Snake:4  | Bought a +4 amulet of reflection for 351 gold pieces
 46978 | Snake:4  | Reached skill level 16 in Fighting
 47658 | Snake:4  | Reached skill level 15 in Slings
 47680 | Snake:4  | Got a serpentine rune of Zot
 47911 | Snake:4  | Reached skill level 1 in Armour
 47923 | Snake:4  | RKaid: !ac 8
 47923 | Snake:4  | beem: 2.75 armour skill per 1 AC for 8 base AC
 48219 | Orc:2    | Bought a scroll of acquirement for 780 gold pieces
 48230 | Orc:2    | Got a polished cloak
 48231 | Orc:2    | Identified the +0 cloak "Qommerph" {rElec rPois rF- rC++} (You acquired it on level 2 of the Orcish Mines)
 48346 | Elf:1    | Entered Level 1 of the Elven Halls
 48431 | Elf:1    | Reached skill level 2 in Armour
 48772 | Elf:1    | Reached skill level 3 in Armour
 48888 | Elf:1    | Identified Kikubaaqudgha's Collected Works on Evil
 49075 | Elf:1    | Reached skill level 16 in Shields
 49621 | Elf:2    | Found a runed gate.
 49626 | Elf:2    | Found a runed gate.
 49628 | Elf:2    | Found a runed gate.
 49651 | Elf:2    | Reached skill level 4 in Armour
 49767 | Elf:2    | Reached XP level 21. HP: 147/154 MP: 28/28
 50095 | Elf:3    | Entered Level 3 of the Elven Halls
 50552 | Elf:3    | Reached skill level 5 in Armour
 50644 | Elf:3    | Got a fine ring mail
 50645 | Elf:3    | Identified the +5 ring mail of Entitlement {rN++} (You found it on level 3 of the Elven Halls)
 50686 | Elf:3    | Noticed a Brimstone Fiend
 50946 | Elf:3    | Found a deep blue altar of Sif Muna.
 51069 | Elf:3    | Noticed Jorgrun
 51084 | Elf:3    | Killed Jorgrun
 51298 | Elf:3    | Reached skill level 9 in Hexes
 51696 | Elf:3    | Got a colourful robe
 51696 | Elf:3    | Got an ichor-stained buckler
 51699 | Elf:3    | Identified the +2 robe "Haguom" {rElec Slay+5} (You took it off a deep elf death mage on level 3 of the Elven Halls)
 51701 | Elf:3    | Identified the cursed +0 buckler "Xurasch" {Int+3} (You took it off a deep elf death mage on level 3 of the Elven Halls)
 51830 | Elf:3    | Learned a level 1 spell: Apportation
 51840 | Elf:3    | Learned a level 3 spell: Confuse
 51952 | Elf:3    | Noticed a Tzitzimitl
 52314 | Elf:3    | Got a heavily runed scale mail
 52315 | Elf:3    | Identified the +3 scale mail of Weirdness {rC+ Regen+ Int+6} (You found it on level 3 of the Elven Halls)
 52325 | Elf:3    | Identified the +3 chain mail "Zaal" {+Inv MR- Regen+ Dex+2} (You found it on level 3 of the Elven Halls)
 52677 | Vaults:1 | Entered Level 1 of the Vaults
 52847 | Vaults:1 | Found an opulent altar of Gozag.
 52957 | Vaults:1 | Reached skill level 17 in Fighting
 53192 | Vaults:1 | Reached skill level 17 in Shields
 53466 | Vaults:1 | Reached XP level 22. HP: 162/162 MP: 22/29
 54218 | Vaults:2 | Reached skill level 10 in Hexes
 54693 | Vaults:2 | Got a polished arbalest
 55048 | Vaults:1 | Reached skill level 16 in Dodging
 55548 | Vaults:2 | Found Uryzxoh's Weapon Shop.
 55670 | Vaults:2 | Found a staircase to the Crypt.
 56947 | Vaults:3 | Found Uharch's Armour Shop.
 56950 | Vaults:3 | Noticed Margery
 56950 | Vaults:3 | Noticed Nikola
 56970 | Vaults:3 | Killed Nikola
 56970 | Vaults:3 | Reached skill level 18 in Shields
 56977 | Vaults:3 | Killed Margery
 58095 | Vaults:4 | Reached XP level 23. HP: 161/171 MP: 30/30
 58183 | Vaults:4 | Reached skill level 18 in Fighting
 58414 | Vaults:4 | Reached skill level 17 in Dodging
 60071 | Depths:1 | Entered Level 1 of the Depths
 60456 | D:15     | Reached skill level 19 in Shields
 60531 | Depths:1 | Noticed Bai Suzhen
 60691 | D:15     | Killed Bai Suzhen
 60849 | Depths:1 | Reached skill level 18 in Dodging
 61157 | Depths:1 | Reached XP level 24. HP: 179/179 MP: 30/30
 61532 | Depths:1 | Found a one-way gate leading to the halls of Pandemonium.
 61539 | Depths:1 | Found a gateway to Hell.
 61974 | Depths:2 | Found Ameu's Weapon Boutique.
 62346 | Depths:2 | Noticed a greater mummy
 62654 | Orc:2    | Bought a scroll of magic mapping for 49 gold pieces
 62654 | Orc:2    | Bought 22 stones for 30 gold pieces
 62655 | Orc:2    | Bought a scroll of magic mapping for 52 gold pieces
 62655 | Orc:2    | Bought a scroll of magic mapping for 52 gold pieces
 62655 | Orc:2    | Bought a scroll of enchant armour for 112 gold pieces
 62655 | Orc:2    | Bought a scroll of teleportation for 45 gold pieces
 62662 | Orc:2    | Bought 19 stones for 26 gold pieces
 62662 | Orc:2    | Bought 9 stones for 12 gold pieces
 62768 | Orc:1    | Killed Erica
 63500 | Depths:2 | Found Sooga's Gadget Shoppe.
 63501 | Depths:2 | Found Masebboqe's Jewellery Boutique.
 63501 | Depths:2 | Found Xicid's Jewellery Boutique.
 63677 | Depths:3 | Reached skill level 20 in Shields
 64229 | Depths:3 | Reached skill level 19 in Dodging
 64241 | Depths:3 | Noticed a juggernaut
 64271 | Depths:3 | Killed a juggernaut
 64347 | Depths:3 | Reached skill level 19 in Fighting
 64964 | Depths:3 | Got a warped steel ring
 64970 | Depths:3 | Identified the cursed ring of Muemmadgh {*Contam rPois Int+4 Dex-6} (You took it off a spriggan berserker on level 3 of the Depths)
 65185 | Depths:3 | Reached XP level 25. HP: 135/186 MP: 30/30
 65932 | Depths:4 | Found Aptewao's Magic Scroll Emporium.
 65932 | Depths:4 | Found Omalefic's Gadget Shoppe.
 65948 | Depths:4 | Bought a scroll of magic mapping for 35 gold pieces
 65948 | Depths:4 | Bought a scroll of fear for 35 gold pieces
 65948 | Depths:4 | Bought 3 scrolls of blinking for 225 gold pieces
 65948 | Depths:4 | Bought a scroll of enchant weapon for 75 gold pieces
 66180 | Depths:4 | Found Isupn's Weapon Shop.
 66189 | Depths:4 | Bought 17 stones for 34 gold pieces
 66189 | Depths:4 | Bought 21 stones for 42 gold pieces
 66427 | Depths:4 | Found a portal to a secret trove of treasure.
 66711 | Depths:4 | Reached skill level 21 in Shields
 66741 | Depths:4 | Reached skill level 20 in Dodging
 66806 | Depths:4 | Found a one-way gate to the infinite horrors of the Abyss.
 67400 | Depths:4 | Noticed a juggernaut
 67424 | Depths:4 | Killed a juggernaut
 67471 | Depths:4 | Identified Dipseumeun's Handbook of Supportive Protection
 67762 | Vaults:5 | Entered Level 5 of the Vaults
 68093 | Vaults:4 | Reached skill level 11 in Invocations
 68429 | Vaults:4 | Reached skill level 21 in Dodging
 68431 | Vaults:4 | Reached XP level 26. HP: 96/195 MP: 23/31
 68863 | Vaults:4 | Gained mutation: Scrolls take you a little longer to read. [a shining eye]
 69477 | Vaults:5 | Reached skill level 12 in Invocations
 69481 | Vaults:5 | Noticed Mara
 69485 | Vaults:5 | Noticed RKaid's illusion
 69625 | Vaults:4 | Upgraded the game from 0.22-a0-359-g5e80d7e212 to 0.22-a0-362-g535178c5c5
 69640 | Vaults:5 | Noticed Saint Roka
 69641 | Vaults:5 | Noticed RKaid's illusion
 69665 | Vaults:4 | Got a faintly humming leather armour
 69807 | Vaults:4 | Identified the +2 leather armour "Ruafoice" {Int+6 Dex+2} (You took it off a tengu reaver on level 4 of the Vaults)
 69808 | Vaults:4 | RKaid: !ac 11
 69808 | Vaults:4 | beem: 2.0 armour skill per 1 AC for 11 base AC
 70389 | Vaults:4 | Reached skill level 20 in Fighting
 70683 | Vaults:5 | Noticed RKaid's illusion
 70776 | Vaults:4 | Killed Saint Roka
 70797 | Vaults:5 | Noticed RKaid's illusion
 70978 | Vaults:5 | Killed Mara
 70978 | Vaults:5 | Reached skill level 22 in Dodging
 71232 | Vaults:5 | Got a transparent wooden ring
 71340 | Vaults:5 | Identified the ring of the King {rCorr Dex+4} (You found it on level 5 of the Vaults)
 71506 | Vaults:5 | Got a heavily runed brass amulet
 71564 | Vaults:5 | Identified the Guide on Boosting Creation
 71571 | Vaults:5 | Learned a level 4 spell: Summon Lightning Spire
 71578 | Vaults:5 | Learned a level 6 spell: Shadow Creatures
 71682 | Vaults:5 | Reached skill level 13 in Invocations
 71710 | Vaults:5 | Reached XP level 27. HP: 201/201 MP: 32/32
 71829 | Vaults:5 | Reached skill level 1 in Air Magic
 71841 | Vaults:5 | Got a silver rune of Zot
 71853 | Vaults:5 | Identified the amulet of Bionovvo {+Rage Str+10 Int+4} (You took it off a vault sentinel on level 5 of the Vaults)
 72337 | Vaults:5 | Reached skill level 2 in Air Magic
 72524 | Vaults:5 | Identified the Grimoire of Twisted Protection
 73004 | D:4      | Bought a scroll of enchant armour for 105 gold pieces
 73004 | D:4      | Bought a scroll of enchant armour for 105 gold pieces
 73091 | D:7      | You fall through a shaft for 3 floors!
 73321 | Depths:5 | Entered Level 5 of the Depths
 73577 | Depths:5 | Noticed a juggernaut
 73607 | Depths:4 | Killed a juggernaut
 73773 | Depths:4 | Reached skill level 3 in Air Magic
 74029 | Depths:5 | Reached skill level 10 in Summonings
 74431 | Depths:5 | Reached skill level 23 in Dodging
 74617 | Depths:5 | Found a gate to the Realm of Zot.
 74723 | Depths:5 | Found a gateway to a ziggurat.
 75277 | Zot:1    | Entered Level 1 of the Realm of Zot
 75591 | Zot:1    | Reached skill level 11 in Summonings
 75645 | Zot:1    | HP: 34/203 [green draconian/enchanted mace (24)]
 75650 | Zot:1    | HP: 21/203 [red draconian monk (19)]
 75651 | Zot:1    | Slain by a red draconian monk

Vault maps used:
D:1:      lemuel_arrival_broad_hall, hangedman_abyss_or_decor_stabs, hex_large
D:2:      minmay_misc_feat_square
D:3:      serial_co_window_serial, co_window_paths_a,
          co_window_of_opportunity_a, co_window_paths_b, co_window_paths_a,
          co_window_paths_a, co_window_paths_c, co_window_broadway_a,
          co_window_2corner, co_window_broadway_a, co_window_2corner,
          co_window_unsneaky_path_a, co_window_broadway_b, glass_columns_b,
          glass_columns_b, glass_columns_a, glass_columns_c, glass_columns_b,
          tgw_kikubaaqudgha, uniq_sigmund, uniq_robin
D:4:      nicolae_overflow_hidden_temple, minmay_temple_entry_mist,
          first_ration, serial_shops, shop_fountains, uniq_natasha
D:5:      gammafunk_temple_overflow_statue, minmay_misc_feat_tower,
          minmay_misc_feat_more_columns
D:6:      cheibrodos_fzero, nicolae_overflow_crystal_walls,
          cheibrodos_sewer_entry_drain
D:7:      okawaru_altar_gauntlet_db, lemuel_crystal_altar, lemuel_another_geyser
D:8:      dpeg_oklobed_lair, serial_bayou, serial_bayou_pond_e,
          serial_bayou_pond_b, serial_bayou_lagoon_a, serial_bayou_shore_a,
          kennysheep_dice, uniq_maurice
D:9:      led_sif_pool, uniq_pikel, uniq_erolcha
D:11:     hangedman_little_slice_of_home
D:13:     david_vaults_4, serial_aquarium, aquarium_bridge_long_joined,
          aquarium_bridge_square, aquarium_window_corner,
          aquarium_window_corner, aquarium_window_fake, aquarium_window_2,
          aquarium_view_4, aquarium_balcony_double_4, laboratory
D:14:     serial_shops, kennysheep_mini, hangedman_abyss_or_decor_passed
D:15:     gammafunk_depths_entry_grave, serial_shops, shop_coins, basic_altar,
          pf_eden
Temple:   cyrus_circular_temple
Lair:1:   nicolae_quartered_pool_little, grunt_megastairs_3, uniq_fannar
Lair:2:   grunt_megastairs_4
Lair:3:   gammafunk_lair_enchanted_lake, minmay_snake_entry_guardpost_large,
          hibernation_bobbens, infiniplex_staircase_pool_2, lemuel_fruit_tree,
          uniq_urug
Lair:4:   minmay_swamp_entry_eels
Lair:5:   slime_altar_1, serial_bayou_shore_b, uniq_nessos, uniq_snorg
Lair:6:   cheibrodos_lair_end_hotspot, kilobyte_rumbling_trees
Swamp:1:  evilmike_swamp_ruin_house_1
Swamp:2:  hangedman_swamp_lotus
Swamp:3:  cheibrodos_swamp_monstrosity, evilmike_swamp_ruin_house_2
Swamp:4:  swamp_basic_johnstein, swamp_pool1, nicolae_swamp_rocky_clearing,
          nicolae_swamp_necromancer_hut, infiniplex_staircase_pool
Snake:2:  uniq_vashnia
Snake:4:  grunt_snake_rune_pools, serial_shops, shop,
          nicolae_snake_round_shape_thing, serial_bayou_shore_b, uniq_aizul
Orc:1:    uniq_erica
Orc:2:    st_orc_mages, portal_ice_cave_rime
Elf:1:    minmay_firetagon, minmay_elf_necromancy, st_stairs_8
Elf:2:    uniq_agnes, uniq_azrael, uniq_asterion, uniq_louise
Elf:3:    elf_hall_gauntlet_wide, basic_altar, guppyfry_library_mini,
          uniq_jorgrun
Vaults:1: nicolae_vaults_little_ls, nicolae_vaults_alarming, v_pattern_3,
          vaults_room_grunt_arrival_ludios, hangedman_vaults_restitches,
          v_misc_2, hangedman_vaults_unwind, nicolae_vaults_hallways_thing,
          vaults_room_hallway, v_misc_23, vaults_dpeg_encased_lava, basic_altar
Vaults:2: blue_anna_dwarven_crypt, hangedman_vaults_stagger,
          ontoclasm_vaults_gateway, vaults_room_pool, hangedman_vaults_corner,
          nicolae_vaults_yaktaur_gun_rack, v_alt_pattern_6,
          vaults_room_stairs_pillars, grunt_vaults_focal, serial_shops, shop
Vaults:3: vaults_room_grid, nicolae_vaults_network_square, vaults_room_corners,
          nicolae_vaults_angled_halls, nicolae_vaults_windows_and_doors_thing,
          serial_shops, nicolae_shop_trees, uniq_margery, uniq_nikola
Vaults:4: nicolae_vaults_big_angled_halls, ontoclasm_vaults_ring_small,
          ontoclasm_vaults_hangar, nicolae_vaults_c_with_doors,
          vaults_room_hallway, ontoclasm_vaults_misaligned,
          vaults_mumra_minichess, grunt_vaults_hallway_long, v_misc_29,
          ontoclasm_vaults_ring_small, nicolae_vaults_network_periphery,
          v_misc_19, v_misc_16, v_misc_15
Vaults:5: uniq_mara, uniq_saint_roka
Depths:1: lightli_too_deep, pan_entry, minmay_tree_intersection,
          kennysheep_inner_square, uniq_bai_suzhen
Depths:2: ragdoll_tomb_raider, serial_shops, shop, skrybe_limestone_x,
          pan_entry, hell_entry, st_stairs_4, abandoned_shop, minmay_shop_grove,
          infiniplex_staircase_trident
Depths:3: grunt_deathspiral_small, grunt_pan_entry_sceptre,
          hangedman_geh_valley, kennysheep_pointless_box
Depths:4: cheibrodos_hall_of_evolution, pan_entry, hell_entry, abyss_entry,
          minmay_misc_feat_ornament, serial_shops, nicolae_shop_statue_plus,
          nicolae_trove_entry_crystal, minmay_staircase_windowed_large,
          minmay_shoptagon
Depths:5: grunt_crosshair, enter_ziggurat_c, hangedman_decor_push,
          pf_hell_entry_tar_spiral, serial_column_ruins,
          column_ruins_portal_squares, column_ruins_corridor_dead_end,
          column_ruins_corridor_corner, column_ruins_grid_1,
          column_ruins_corridor_straight, abyss_entry_small_statue_room,
          rand_demon_pan_entry_3
Zot:1:    kennysheep_bubbly
Sewer:    sewer_the_crocodile
IceCv:    ice_cave_small_necro

Skill      XL: |  1  2  3  4  5  6  7  8  9 10 11 12 13 14 15 16 17 18 19 20 21 22 23 24 25 26 27 |
---------------+----------------------------------------------------------------------------------+-----
Fighting       | 1 2 3 4 5 6 8 9 10 12 13 14 15 16 17 18 19 20 | 20.7
Slings         | 4 5 7 8 9 11 12 15 | 15.1
Invocations    | 1 2 4 5 6 7 8 10 11 13 | 13.0
Dodging        | 3 4 6 7 9 10 12 13 14 15 16 18 19 21 22 23 | 23.2
Hexes          | 3 5 6 7 8 9 10 | 10.0
Translocations | 4 5 |  5.0
Evocations     | 6 |  6.0
Shields        | 5 8 9 12 13 15 16 17 18 19 20 21 | 21.0
Spellcasting   | 2 5 |  5.0
Summonings     | 2 6 8 9 11 | 11.1
Armour         | 4 5 |  5.5
Air Magic      | 3 |  3.0

Action                   |  1- 3 |  4- 6 |  7- 9 | 10-12 | 13-15 | 16-18 | 19-21 | 22-24 | 25-27 || total
-------------------------+-------+-------+-------+-------+-------+-------+-------+-------+-------++-------
Melee: Short sword       |    51 |     2 |       |       |       |       |       |       |       ||    53
       Dagger            |       |    41 |     8 |    15 |    35 |       |       |       |       ||    99
       Hunting sling     |       |     1 |       |       |       |       |       |       |       ||     1
       Unarmed           |       |       |       |       |       |     2 |       |       |       ||     2
 Fire: Hunting sling     |    55 |   143 |   447 |   832 |  1648 |   953 |       |   121 |    59 ||  4258
       Fustibalus        |       |       |       |       |       |  1223 |  1873 |  2096 |  1865 ||  7057
 Cast: Portal Projectile |       |       |     1 |       |     2 |     2 |    20 |     7 |     5 ||    37
       Cause Fear        |       |       |       |     2 |     2 |       |     1 |       |       ||     5
       Inner Flame       |       |       |       |     2 |     3 |     6 |     8 |     1 |       ||    20
       Summon Mana Viper |       |       |       |       |       |       |       |     5 |     1 ||     6
       Apportation       |       |       |       |       |       |       |       |     3 |       ||     3
       Summon Lightning  |       |       |       |       |       |       |       |       |     1 ||     1
Invok: Slouch            |       |       |       |       |     1 |     6 |    12 |     5 |     8 ||    32
       Step From Time    |       |       |       |       |       |       |     1 |       |     1 ||     2
Evoke: Wand              |       |       |     2 |    16 |     8 |     8 |    14 |     5 |     8 ||    61
       Lightning rod     |       |       |       |       |       |     4 |       |       |       ||     4
       Phial of floods   |       |       |       |       |       |       |     1 |       |       ||     1
  Use: Scroll            |       |    14 |     7 |     9 |    12 |    10 |    19 |     6 |    11 ||    88
       Potion            |       |       |     1 |       |     3 |       |     3 |       |     4 ||    11
 Stab: Paralysed         |       |       |       |       |     8 |       |       |       |       ||     8
  Eat: Chunk             |     1 |     8 |    18 |     9 |    19 |    22 |     8 |     8 |     3 ||    96
       Ration            |       |     1 |       |       |       |       |     1 |     3 |     4 ||     9
Armor: Robe              |     7 |    11 |    20 |    12 |       |       |       |       |       ||    50
       Troll leather arm |       |       |       |    24 |       |       |       |       |       ||    24
       Ring mail         |       |       |       |    18 |    75 |    89 |     1 |       |       ||   183
       Fire dragon scale |       |       |       |       |     3 |       |    25 |   103 |   139 ||   270
       Swamp dragon scal |       |       |       |       |       |    38 |    40 |       |       ||    78
Dodge: Dodged            |    43 |    54 |   120 |   264 |   566 |   897 |   539 |   653 |  1058 ||  4194
Block: Buckler           |       |       |       |       |   256 |       |       |       |       ||   256
       Shield            |       |       |       |       |       |  1072 |   819 |  1272 |  1484 ||  4647
       Reflection        |       |       |       |       |       |       |    52 |   167 |    72 ||   291

Table legend:
 A = Spawn XP
 B = Non-spawn XP
 C = Spawn XP percentage of total XP
 D = Spawn monster count
 E = Non-spawn monster count
 F = Spawn count percentage of total count
 G = Total turns spent on level
                    A         B        C        D         E        F      G
               +---------+---------+-------+---------+---------+-------+---------
         Total |       0 | 1128839 |   0.0 |       0 |    2033 |   0.0 | 75651
               +---------+---------+-------+---------+---------+-------+---------
           D:1 |       0 |      38 |   0.0 |       0 |      20 |   0.0 |  1164
           D:2 |       0 |      91 |   0.0 |       0 |      30 |   0.0 |  1500
           D:3 |       0 |     199 |   0.0 |       0 |      26 |   0.0 |  1373
           D:4 |       0 |     389 |   0.0 |       0 |      10 |   0.0 |  1590
           D:5 |       0 |    1174 |   0.0 |       0 |      15 |   0.0 |  1516
           D:6 |       0 |    1850 |   0.0 |       0 |      29 |   0.0 |  2580
           D:7 |       0 |    1176 |   0.0 |       0 |      37 |   0.0 |   934
           D:8 |       0 |    5114 |   0.0 |       0 |      35 |   0.0 |  1921
           D:9 |       0 |    2808 |   0.0 |       0 |      18 |   0.0 |  1370
          D:10 |       0 |    3027 |   0.0 |       0 |      28 |   0.0 |  1420
          D:11 |       0 |    4958 |   0.0 |       0 |      45 |   0.0 |  1567
          D:12 |       0 |    2699 |   0.0 |       0 |      27 |   0.0 |   991
          D:13 |       0 |   10233 |   0.0 |       0 |      39 |   0.0 |  1812
          D:14 |       0 |   12555 |   0.0 |       0 |      37 |   0.0 |  1496
          D:15 |       0 |   38227 |   0.0 |       0 |      65 |   0.0 |  2450
        Lair:1 |       0 |    6740 |   0.0 |       0 |      27 |   0.0 |  1235
        Lair:2 |       0 |    3411 |   0.0 |       0 |      16 |   0.0 |   945
        Lair:3 |       0 |   10501 |   0.0 |       0 |      38 |   0.0 |  1939
        Lair:4 |       0 |    6789 |   0.0 |       0 |      32 |   0.0 |  1181
        Lair:5 |       0 |    7626 |   0.0 |       0 |      15 |   0.0 |   924
        Lair:6 |       0 |   12648 |   0.0 |       0 |      47 |   0.0 |  2776
       Swamp:1 |       0 |    8293 |   0.0 |       0 |      16 |   0.0 |  1178
       Swamp:2 |       0 |   17172 |   0.0 |       0 |      43 |   0.0 |  1473
       Swamp:3 |       0 |   14819 |   0.0 |       0 |      22 |   0.0 |  1362
       Swamp:4 |       0 |   36879 |   0.0 |       0 |      66 |   0.0 |  2277
       Snake:1 |       0 |   15198 |   0.0 |       0 |      29 |   0.0 |  1596
       Snake:2 |       0 |   18028 |   0.0 |       0 |      25 |   0.0 |  1603
       Snake:3 |       0 |   39539 |   0.0 |       0 |      67 |   0.0 |  2292
       Snake:4 |       0 |   69738 |   0.0 |       0 |     112 |   0.0 |  2639
         Orc:1 |       0 |    3304 |   0.0 |       0 |      13 |   0.0 |   330
         Orc:2 |       0 |    9736 |   0.0 |       0 |      79 |   0.0 |  2121
         Elf:1 |       0 |   21501 |   0.0 |       0 |      43 |   0.0 |  1224
         Elf:2 |       0 |    7779 |   0.0 |       0 |      14 |   0.0 |   716
         Elf:3 |       0 |   57343 |   0.0 |       0 |      61 |   0.0 |  2183
      Vaults:1 |       0 |   49439 |   0.0 |       0 |      93 |   0.0 |  1672
      Vaults:2 |       0 |   21611 |   0.0 |       0 |      47 |   0.0 |  1701
      Vaults:3 |       0 |   44893 |   0.0 |       0 |      57 |   0.0 |  2178
      Vaults:4 |       0 |  133543 |   0.0 |       0 |     133 |   0.0 |  4879
      Vaults:5 |       0 |  129625 |   0.0 |       0 |     107 |   0.0 |  1960
      Depths:1 |       0 |   40352 |   0.0 |       0 |      50 |   0.0 |  1165
      Depths:2 |       0 |   36683 |   0.0 |       0 |      49 |   0.0 |  1311
      Depths:3 |       0 |   65382 |   0.0 |       0 |      77 |   0.0 |  2191
      Depths:4 |       0 |   75107 |   0.0 |       0 |      75 |   0.0 |  2436
      Depths:5 |       0 |   44327 |   0.0 |       0 |      41 |   0.0 |  1107
         Zot:1 |       0 |   29743 |   0.0 |       0 |      18 |   0.0 |   374
         Sewer |       0 |     119 |   0.0 |       0 |       6 |   0.0 |   132
         IceCv |       0 |    6433 |   0.0 |       0 |      54 |   0.0 |   796
               +---------+---------+-------+---------+---------+-------+---------

Table legend:
 A = Turns spent in this place as a percentage of turns spent in the entire game.
 B = Non-inter-level travel turns spent in this place as a percentage of non-inter-level travel turns spent in the entire game.
 C = Inter-level travel turns spent in this place as a percentage of turns spent in this place.
 D = Turns resting spent in this place as a percentage of non-inter-level travel turns spent in this place.
 E = Turns spent auto-exploring this place as a percentage of non-inter-level travel turns spent in this place.
 F = Non-inter-level travel turns spent in this place divided by the number of levels of this place that you've seen.
                   A       B       C       D       E      F
               +-------+-------+-------+-------+-------+----------------------
         Total | 100.0 | 100.0 |   8.3 |  28.1 |  43.5 | 1444.9
       Dungeon |  31.3 |  29.7 |  13.1 |  26.7 |  46.9 | 1372.5
        Temple |   0.1 |   0.1 |   0.0 |   0.0 |   0.0 |  71.0
          Lair |  11.9 |  11.7 |  10.1 |  21.2 |  52.3 | 1348.3
         Swamp |   8.3 |   8.8 |   2.8 |  36.8 |  41.3 | 1528.8
     Snake Pit |  10.7 |  11.4 |   3.1 |  34.1 |  40.3 | 1969.5
  Orcish Mines |   3.2 |   2.8 |  20.6 |  24.2 |  45.7 | 973.0
   Elven Halls |   5.5 |   5.7 |   3.9 |  32.5 |  39.0 | 1320.7
        Vaults |  16.4 |  16.9 |   5.1 |  30.5 |  38.7 | 2351.0
        Depths |  10.9 |  11.0 |   6.8 |  23.4 |  41.7 | 1530.0
           Zot |   0.5 |   0.5 |   0.0 |  27.5 |  26.7 | 374.0
         Sewer |   0.2 |   0.2 |   0.0 |   0.0 |  66.7 | 132.0
      Ice Cave |   1.1 |   1.1 |   0.0 |  15.6 |  28.0 | 796.0
               +-------+-------+-------+-------+-------+----------------------

Table legend:
 A = Kills in this place as a percentage of kills in entire the game.
 B = Kills by you in this place as a percentage of kills by you in the entire game.
 C = Kills by friends in this place as a percentage of kills by friends in the entire game.
 D = Other kills in this place as a percentage of other kills in the entire game.
 E = Experience gained in this place as a percentage of experience gained in the entire game.
 F = Experience gained in this place divided by the number of levels of this place that you have seen.
                   A       B       C       D       E      F
               +-------+-------+-------+-------+-------+----------------------
         Total | 100.0 | 100.0 | 100.0 | 100.0 | 100.0 | 23517.5
       Dungeon |  22.7 |  23.2 |   0.0 |   0.0 |   7.5 | 5635.9
          Lair |   8.6 |   8.7 |  66.7 |   2.4 |   4.2 | 7952.5
         Swamp |   7.2 |   7.3 |   0.0 |   2.4 |   6.8 | 19290.8
     Snake Pit |  11.5 |  11.7 |   0.0 |   0.0 |  12.6 | 35625.8
  Orcish Mines |   4.5 |   4.6 |   0.0 |   2.4 |   1.2 | 6520.0
   Elven Halls |   5.8 |   5.7 |   0.0 |  11.9 |   7.7 | 28874.3
        Vaults |  21.5 |  21.3 |   0.0 |  33.3 |  33.6 | 75822.2
        Depths |  14.4 |  13.7 |   0.0 |  47.6 |  23.2 | 52370.2
           Zot |   0.9 |   0.9 |  33.3 |   0.0 |   2.6 | 29743.0
         Sewer |   0.3 |   0.3 |   0.0 |   0.0 |   0.0 | 119.0
      Ice Cave |   2.7 |   2.7 |   0.0 |   0.0 |   0.6 | 6433.0
               +-------+-------+-------+-------+-------+----------------------
